 Dungeon Crawl Stone Soup version 0.31-a0-542-gdc2a67831c (webtiles) character file.

Game seed: 16847126017632013155

668 mopl the Ruffian (level 7, -11/46 HPs)
             Began as an Octopode Shapeshifter on Aug 13, 2023.
             Mangled by a gnoll sergeant
             ... wielding a +0 trident
              (16 damage)
             ... on level 5 of the Dungeon on Aug 14, 2023.
             The game lasted 00:05:34 (3499 turns).

mopl the Ruffian (Octopode Shapeshifter)            Turns: 3499, Time: 00:05:35

Health: -11/46     AC:  1    Str: 15    XL:     7   Next: 58%
Magic:  0/7        EV: 14    Int: 10    God:
Gold:   142        SH:  0    Dex: 14    Spells: 4/6 levels left

rFire   . .          .
                       - Unarmed
rCold   . . .        (no shield)
rNeg    . . .        (helmet currently unavailable)
rPois   .            g - amulet of guardian spirit
rElec   .            (no ring)
rCorr   .            (no ring)
SInv    .            (no ring)
Will    .....        (no ring)
Stlth   ++           (no ring)
HPRegen 0.27/turn    (no ring)
MPRegen 0.10/turn    (no ring)
                     (no ring)

%: guardian spirit
@: beast-form
A: beast (slay +3), almost no armour, amphibious, 8 rings, camouflage 1,
gelatinous body 1, (nimble swimmer 1), tentacles
a: Begin Untransformation


You were on level 5 of the Dungeon.
You were a hulking beast.
You visited 2 branches of the dungeon, and saw 6 of its levels.

You collected 142 gold pieces.

Inventory:

Missiles
 d - 22 poisoned darts (quivered)
 w - 5 boomerangs
 x - a throwing net
Jewellery
 g - an amulet of guardian spirit (around mantle)
Talismans
 b - a beast talisman (active)
 c - a flux talisman
Wands
 n - a wand of paralysis (13)
Scrolls
 e - a scroll of poison {unknown}
 k - a scroll of blinking {unknown}
 m - 2 scrolls of amnesia {unknown}
 q - 2 scrolls of noise {unknown}
 r - 2 scrolls of revelation {unknown}
 s - 2 scrolls of fear {unknown}
 t - a scroll of teleportation {unknown}
 y - a scroll of enchant weapon {unknown}
Potions
 a - a potion of lignification {!q}
 f - a potion of curing
 h - a potion of invisibility
 i - a potion of might
 l - a potion of brilliance
 o - a potion of haste
 p - 2 potions of degeneration {unknown}
 u - a potion of heal wounds
 z - a potion of berserk rage {!q}


   Skills:
 + Level 3.1 Fighting
 + Level 3.5 Dodging
 * Level 5.3 Unarmed Combat
 + Level 1.9 Translocations
 + Level 0.5 Evocations
 * Level 4.7 Shapeshifting


You had 4 spell levels left.
You knew the following spells:

 Your Spells              Type           Power      Damage    Failure   Level
e - Blink                 Tloc           6%         N/A       26%         2

Your spell library contained the following spells:

 Spells                   Type           Power      Damage    Failure   Level
 Lesser Beckoning         Tloc           6%         N/A       26%         2
 Slow                     Hex            0%         N/A       36%         1
 Momentum Strike          Conj/Tloc      2%         3d8       36%         2
 Confusing Touch          Hex            0%         N/A       75%         3
 Vampiric Draining        Necr           0%         2d6       75%         3


Dungeon Overview and Level Annotations

Branches:
Dungeon (5/15)             Temple (1/1) D:4

Altars:
Cheibriados
Dithmenos
Elyvilon
Fedhas
Gozag
Hepliaklqana
Kikubaaqudgha
Makhleb
Nemelex Xobeh
Qazlal
Sif Muna
Vehumet
Xom
Yredelemnul
Zin
The Shining One


Innate Abilities, Weirdness & Mutations

You are a hulking beast.
Your limbs bulge with bestial killing power. (Slay +3)
You cannot wear most types of armour.
You are amphibious.
You can wear up to eight rings at the same time.
Your skin changes colour to match your surroundings (Stealth+).
Your rubbery body absorbs attacks. (AC +1, EV +1)
((You are camouflaged when in or above water. (Stealth+)))
You have tentacles for arms and can constrict up to eight enemies at once.


Message History

You constrict the adder. The adder bites you.
You are poisoned.
The adder poisons you!
You tentacle-slap the adder.
The adder is almost dead.
You constrict the adder.
You kill the adder!
You feel sick.
You tentacle-slap the hound. Your grab misses the hound. You squeeze the hound.
The hound is heavily wounded.
You feel sick. The hound bites you. The hound misses you.
You bludgeon the hound!
You kill the hound!
You feel sick.
The gnoll sergeant hits you from afar with a +0 trident.
You feel sick.
The gnoll sergeant hits you with a +0 trident!
Things that are here:
a hound corpse; an adder corpse You barely miss the gnoll sergeant.
Your grab misses the gnoll sergeant.
You feel sick.
You are no longer poisoned.
The gnoll sergeant barely misses you.
Unknown command.
The shadow imp attacks as you move away!
The shadow imp barely misses you. The gnoll sergeant closely misses you.
You bludgeon the shadow imp! You grab the shadow imp.
Your squeeze misses the shadow imp.
The shadow imp is severely wounded.
You constrict the shadow imp. The shadow imp closely misses you.
The gnoll sergeant hits you from afar with a +0 trident!
You tentacle-slap the shadow imp.
You kill the shadow imp!
The gnoll sergeant hits you from afar with a +0 trident!
* * * LOW HITPOINT WARNING * * *
Unknown command.
The sleepcap attacks as you move away! The sleepcap releases spores at you.
* * * LOW HITPOINT WARNING * * *
The gnoll sergeant hits you from afar with a +0 trident!
You die...

#.#.##.##[###..!.[..
#.#.#...#.#####....#
#.#.....).##.......#
##.##....>)........[.
#...#............##.#
#.#.##..<####.##.# .#
##.#.###### #.##.# .#
#..#..# #.##.#
##.###h## ...#.#
#..#(#.f### ... .#
#...##.##.gY# #...#
..###...###.f..#
###!..⌠......)....
..###...###....###
#..J##.##...####
##..#?#..###
##.###.##


You could see an ice beast, 2 sleepcaps, a gnoll sergeant and a jelly.

Vanquished Creatures
  A kobold brigand (D:4)
  A bullfrog zombie (D:4)
  A jelly (D:4)
  2 hounds (D:5)
  An orc priest (D:3)
  3 iguanas
  A scorpion zombie (D:4)
  A sleepcap (D:4)
  Ijyb (D:2)
  A hound zombie (D:4)
  10 gnolls
  5 adders
  A shadow imp (D:5)
  An ufetubus (D:5)
  2 adder zombies (D:4)
  5 worms
  5 dart slugs
  4 orcs (D:3)
  8 endoplasms
  A giant cockroach (D:4)
  10 goblins
  3 hobgoblins
  4 jackals (D:4)
  26 kobolds
  4 quokkas
  6 ball pythons
  A bat (D:1)
  A frilled lizard (D:2)
  3 rats
113 creatures vanquished.

Notes
Turn   | Place    | Note
-------+----------+-------------------------------------------
     0 | D:1      | mopl the Octopode Shapeshifter began the quest for the Orb.
     0 | D:1      | Reached XP level 1. HP: 13/13 MP: 1/1
   270 | D:1      | Reached XP level 2. HP: 18/18 MP: 2/2
   514 | D:1      | Reached XP level 3. HP: 18/23 MP: 3/3
   831 | D:2      | Reached XP level 4. HP: 28/28 MP: 4/4
   991 | D:2      | Noticed Ijyb
  1002 | D:2      | Paralysed by Ijyb for 3 turns
  1011 | D:2      | Killed Ijyb
  1012 | D:2      | Reached skill level 4 in Unarmed Combat
  1280 | D:2      | Found a snail-covered altar of Cheibriados.
  1362 | D:2      | Learned a level 2 spell: Blink
  1419 | D:3      | Reached XP level 5. HP: 31/34 MP: 5/5
  1451 | D:3      | Reached skill level 2 in Fighting
  1468 | D:4      | Found a hazy altar of Hepliaklqana.
  1946 | D:4      | You fall into a shaft and drop 1 floor!
  1946 | D:5      | Entered Level 5 of the Dungeon
  1976 | D:5      | Reached skill level 4 in Shapeshifting
  2024 | D:4      | Identified the +2 chain mail of Foolhardiness {rElec rC+
                  | Str+5}
  2123 | D:4      | Found a staircase to the Ecumenical Temple.
  2126 | D:4      | Found a faded altar of an unknown god.
  2136 | Temple   | Entered the Ecumenical Temple
  2189 | D:4      | Upgraded the game from 0.31-a0-538-gbc85326fa9 to
                  | 0.31-a0-542-gdc2a67831c
  2194 | D:4      | Noticed a kobold brigand
  2202 | D:4      | Reached XP level 6. HP: 32/39 MP: 6/6
  2209 | D:4      | Reached skill level 3 in Dodging
  2209 | D:4      | Reached skill level 1 in Translocations
  2458 | D:4      | Found a basalt altar of Yredelemnul.
  2700 | D:4      | Reached XP level 7. HP: 29/45 MP: 4/7
  2754 | D:4      | Reached skill level 5 in Unarmed Combat
  2934 | D:4      | Found a sparkling altar of Nemelex Xobeh.
  3216 | D:5      | Reached skill level 3 in Fighting
  3499 | D:5      | Mangled by a gnoll sergeant

Illustrated notes

Levels and vault maps discovered:
D:1:      dpeg_cavernosity, layout_basic, hangedman_decor_growths
D:2:      kennysheep_the_goblin_king, layout_basic, basic_altar,
          nicolae_wormholes
D:3:      layout_rooms
D:4:      kennysheep_kobold_camp, layout_gridville,
          nicolae_yredelemnul_corpse_copse, overflow_temple_1_default,
          mainiacjoe_overflow_chevrons, nicolae_temple_entry_ecumenical,
          minmay_misc_feat_pillars, moated_statue, nicolae_titane
D:5:      minmay_general_purpose_star, layout_loops_ring,
          nicolae_overflow_hidden_temple
Temple:   oiseaux_autumnal_temple

Skill      XL: |  1  2  3  4  5  6  7 |
---------------+----------------------+-----
Unarmed Combat | 4 5 |  5.3
Fighting       | 2 3 |  3.1
Shapeshifting  | 4 |  4.7
Dodging        | 3 |  3.5
Translocations | 1 |  1.9
Evocations     | |  0.5

Action                     |  1- 3 |  4- 6 |  7- 9 || total
---------------------------+-------+-------+-------++-------
  Melee: Unarmed           |    44 |   145 |    52 ||   241
         Constrict         |     7 |    42 |    14 ||    63
         Tentacles         |     4 |    40 |    15 ||    59
         Punch             |     1 |     4 |     1 ||     6
    Use: Scroll            |       |       |     8 ||     8
   Stab: Sleeping          |     7 |     2 |     1 ||    10
 Armour: Skin              |     2 |    10 |     2 ||    14
  Dodge: Dodged            |    18 |    94 |    41 ||   153

Table legend: (Time is in decaauts)
 A = Elapsed time spent in this place.
 B = Non-inter-level travel time spent in this place.
 C = Inter-level travel time spent in this place.
 D = Time resting spent in this place.
 E = Time spent auto-exploring this place.
 F = Levels seen in this place.
 G = Mean time per level.
                   A        B        C        D        E       F      G
               +--------+--------+--------+--------+--------+-----+--------+
         Total |   3481 |   3398 |     83 |    747 |   1932 |   6 |  580.2 |
       Dungeon |   3478 |   3396 |     82 |    747 |   1932 |   5 |  695.6 |
        Temple |      3 |      3 |      0 |      0 |      0 |   1 |    3.0 |
               +--------+--------+--------+--------+--------+-----+--------+

Top non-repeatable levels by time:
     D:4: 1422 daAuts
     D:1: 716 daAuts
     D:2: 685 daAuts
     D:3: 409 daAuts
     D:5: 244 daAuts
  Temple: 3 daAuts
